 Dungeon Crawl Stone Soup version 0.14-a0-1637-gd423c14 (webtiles) character file.

101 4tharraofdagon the Cudgeler (level 4, 0/73 HPs)
             Began as an Ogre Berserker on Dec 26, 2013.
             Was a Follower of Trog.
             Slain by a centaur (7 damage)
             ... on Level 5 of the Dungeon.
             The game lasted 00:02:58 (593 turns).

4tharraofdagon the Cudgeler (Ogre Berserker)         Turns: 593, Time: 00:02:58

HP   0/73        AC  3     Str 28      XL: 4   Next: 22%
MP   4/4         EV 10     Int  6      God: Trog [*.....]
Gold 31          SH  0     Dex  9      Spells:  0 memorised,  3 levels left

rFire  . . .     SeeInvis .     a - +0 mace
rCold  . . .     Clarity  .     b - +0 animal skin
rNeg   . . .     Conserve .     (shield restricted)
rPois  .         rCorr    .     (helmet restricted)
rElec  .         rRot     .     (no cloak)
SustAb . .       Spirit   .     (gloves unavailable)
rMut   .         Warding  .     (boots unavailable)
Saprov + . .     Stasis   .     (no amulet)
                                (no ring)
                                (no ring)

@: regenerating, berserking, mildly poisoned, very quick, quite resistant to
hostile enchantments, extremely unstealthy
A: unfitting armour, fast metabolism 1, saprovore 1, tough skin 1
a: Burn Spellbooks, Berserk, Renounce Religion


You were on level 5 of the Dungeon.
You worshipped Trog.
Trog was aware of your devotion.
You were hungry.

You visited 1 branch of the dungeon, and saw 6 of its levels.

You collected 31 gold pieces.

Inventory:

Hand weapons
 a - a +0,+0 mace (weapon)
Armour
 b - a +0 animal skin (worn)
Comestibles
 c - 2 meat rations
 g - an apple
 h - a rotting chunk of hobgoblin flesh
 i - 12 grapes
 j - a bread ration
 p - a choko
Scrolls
 d - a scroll of identify {unknown}
 e - a scroll of noise {unknown}
 f - a scroll of remove curse {unknown}
 l - a scroll of curse weapon {unknown}
 m - a scroll of random uselessness {unknown}
 n - a scroll of blinking {unknown}
 o - a scroll of enchant weapon I {unknown}
Jewellery
 k - an uncursed amulet of faith {unknown}
Books
 q - a book of Party Tricks

   Spells                             Type                      Level
   Summon Butterflies                 Summoning                    1
   Apportation                        Translocation                1
   Blink                              Translocation                2
   Alistair's Intoxication            Transmutation/Poison         4
   Tukima's Dance                     Hexes                        5
   Trog disapproves of the use of such an item.


   Skills:
 + Level 4.9 Fighting
 * Level 5.9 Maces & Flails
 - Level 2.9 Dodging


You had 3 spell levels left.
You didn't know any spells.

Dungeon Overview and Level Annotations

Branches:
Dungeon (6/16)
 Temple: D:4-7

Altars:


Innate Abilities, Weirdness & Mutations

You are too large for most types of armour.
You have a fast metabolism.
You can tolerate rotten meat.
You have tough skin (AC +1).


Message History

You feel sick.
The centaur unwields an uncursed bow.
The centaur completely misses you.
You see here an arrow.
Unknown command.
You hit the centaur.
The centaur is lightly wounded.
You hit the centaur.
The centaur is moderately wounded.
The centaur hits you.
* * * LOW HITPOINT WARNING * * *
You thump the centaur!
The centaur is severely wounded.
* * * LOW HITPOINT WARNING * * *
You feel sick. The centaur hits you!
* * * LOW HITPOINT WARNING * * *
You closely miss the centaur.
The centaur is severely wounded.
The centaur hits you but does no damage.
The centaur hits you!
You die...

##### ...#
###.#############
#...c.(.(........
#.#.#@#############
#....(# #.###.# #.
#.# . #.###)# ...
#....)# ... #
###(### #.# .# #.#
#.##(# #######.#
##....##


You could see a centaur.

Vanquished Creatures
  A hound (D:5)
  2 adders
  2 giant geckos
  An orc (D:5)
  A goblin (D:5)
  3 hobgoblins
  A giant cockroach (D:3)
  A giant gecko skeleton (D:4)
  A goblin zombie (D:5)
  5 kobolds
  2 rats
20 creatures vanquished.

Notes
Turn   | Place    | Note
--------------------------------------------------------------
     0 | D:1      | 4tharraofdagon, the Ogre Berserker, began the quest for the Orb.
     0 | D:1      | Reached XP level 1. HP: 24/24 MP: 1/1
    70 | D:2      | Reached XP level 2. HP: 26/32 MP: 2/2
   299 | D:5      | Entered Level 5 of the Dungeon
   315 | D:5      | Reached skill level 5 in Maces & Flails
   315 | D:5      | Reached XP level 3. HP: 25/40 MP: 3/3
   405 | D:6      | Noticed a sky beast
   477 | D:5      | Reached XP level 4. HP: 49/49 MP: 4/4
   538 | D:5      | Acquired Trog's second power
   577 | D:5      | Noticed a centaur
   593 | D:5      | Slain by a centaur

Action                   |  1- 3 |  4- 6 || total
-------------------------+-------+-------++-------
Melee: Mace              |    32 |    27 ||    59
       Unarmed           |    26 |       ||    26
Invok: Berserk           |     3 |     1 ||     4
       Trog's Hand       |       |     2 ||     2
  Use: Potion            |     4 |       ||     4
       Scroll            |       |     1 ||     1
